TOP OF THE 1ST |
Great Lakes Loons batting - Pitching for Wisconsin Timber Rattlers : LHP Taek-hyun Kim
|
Pitching: LHP Taek-hyun Kim
|
|
Batting: RHB Ruben Serrata
|
0-0: Ball 1-0: Ground out 6-3 (Groundball, 6, EV 80.6 MPH)
|
Batting: LHB Tore Bosch
|
0-0: Called Strike 0-1: Ball 1-1: Ball 2-1: Ground out 6-3 (Groundball, 6, EV 83.1 MPH)
|
Batting: RHB Eddie Perry
|
0-0: Ball 1-0: Ground out 6-3 (Groundball, 6, EV 97.5 MPH)
|
Top of the 1st over - 0 runs, 0 hits, 0 errors, 0 left on base; Great Lakes 0 - Wisconsin 0 |
BOTTOM OF THE 1ST |
Wisconsin Timber Rattlers batting - Pitching for Great Lakes Loons : RHP Pat Matera
|
Pitching: RHP Pat Matera
|
|
Batting: RHB Chris Maul
|
0-0: Called Strike 0-1: Ball 1-1: Foul Ball, location: 2F 1-2: Foul Ball, location: 2F 1-2: DOUBLE (Line Drive, 78M, EV 106.9 MPH)
|
Batting: SHB Robert Sayer
|
0-0: Called Strike Chris Maul steals 3rd base (no throw) 0-1: Swinging Strike 0-2: Ball 1-2: Strikes out swinging
|
Batting: SHB Justin Hensley
|
0-0: Foul Ball, location: 2F 0-1: Ball 1-1: SINGLE (Groundball, 6, EV 96.2 MPH) Chris Maul scores
|
Batting: LHB Karel Hort
|
0-0: Ball Wild Pitch! Justin Hensley to second 1-0: Called Strike 1-1: Foul Ball, location: 2F 1-2: Strikes out swinging
|
Batting: RHB Alfredo Sena
|
0-0: Called Strike 0-1: Ball 1-1: Ball 2-1: Foul Ball, location: 2F 2-2: Fly out, F8 (Flyball, 8LD, EV 78.1 MPH)
|
Bottom of the 1st over - 1 run, 2 hits, 0 errors, 1 left on base; Great Lakes 0 - Wisconsin 1 |
TOP OF THE 2ND |
Great Lakes Loons batting - Pitching for Wisconsin Timber Rattlers : LHP Taek-hyun Kim
|
Batting: RHB Jason Baldwin
|
0-0: Ball 1-0: Ground out 5-3 (Groundball, 5, EV 80.0 MPH)
|
Batting: SHB Xavier Alaniz
|
0-0: Called Strike 0-1: Ball 1-1: Foul Ball, location: 2F 1-2: Ball 2-2: Foul Ball, location: 2F 2-2: Fly out, F8 (Flyball, 8RD, EV 92.5 MPH)
|
Batting: RHB Justin Curran
|
0-0: Called Strike 0-1: Ball 1-1: Called Strike 1-2: Fly out, F9 (Flyball, 9D, EV 95.0 MPH)
|
Top of the 2nd over - 0 runs, 0 hits, 0 errors, 0 left on base; Great Lakes 0 - Wisconsin 1 |
BOTTOM OF THE 2ND |
Wisconsin Timber Rattlers batting - Pitching for Great Lakes Loons : RHP Pat Matera
|
Batting: LHB Mark Backstrom
|
0-0: Called Strike 0-1: Ball 1-1: Ball 2-1: Foul Ball, location: 2F 2-2: Ball 3-2: Base on Balls
|
Batting: RHB Ryan Miller
|
0-0: Ball Passed Ball! Mark Backstrom to second 1-0: Ball 2-0: Foul Ball, location: 2F 2-1: Ground out 1-3 (Groundball, 15S, EV 70.6 MPH)
|
Batting: RHB Jonathan Sarles
|
0-0: Ball 1-0: Swinging Strike 1-1: SINGLE (Groundball, 6MD, EV 97.5 MPH) Mark Backstrom to third
|
Batting: RHB Chris Fruit
|
Balk! Mark Backstrom scores Jonathan Sarles to second 0-0: Ball 1-0: Swinging Strike 1-1: SINGLE (Line Drive, 7S, EV 91.2 MPH) Jonathan Sarles to third
|
Batting: RHB Chris Maul
|
0-0: Foul Ball, location: 2F 0-1: Ball 1-1: Ball 2-1: SINGLE (Groundball, 6MD, EV 106.9 MPH) Jonathan Sarles scores Chris Fruit to second
|
Batting: SHB Robert Sayer
|
0-0: Called Strike Chris Fruit steals 3rd, throwing error, E2 Chris Fruit scores Chris Maul to third 0-1: Called Strike 0-2: Ball 1-2: Ball 2-2: Foul Ball, location: 2F 2-2: Strikes out swinging
|
Batting: SHB Justin Hensley
|
0-0: Foul Ball, location: 2F 0-1: Ground out U3 (Groundball, 34, EV 83.1 MPH)
|
Bottom of the 2nd over - 3 runs, 3 hits, 1 error, 1 left on base; Great Lakes 0 - Wisconsin 4 |
TOP OF THE 3RD |
Great Lakes Loons batting - Pitching for Wisconsin Timber Rattlers : LHP Taek-hyun Kim
|
Batting: RHB Javier Solis
|
0-0: Called Strike 0-1: Swinging Strike 0-2: Strikes out swinging, 2-3 out at first.
|
Batting: LHB Jim Jardine
|
0-0: Ball 1-0: Fly out, F8 (Line Drive, 8RM, EV 87.5 MPH)
|
Batting: LHB Nate Kee
|
0-0: SINGLE (Groundball, 34, EV 103.1 MPH)
|
Batting: RHB Ruben Serrata
|
0-0: Called Strike 0-1: Ground out 6-3 (Groundball, 6M, EV 90.6 MPH)
|
Top of the 3rd over - 0 runs, 1 hit, 0 errors, 1 left on base; Great Lakes 0 - Wisconsin 4 |
BOTTOM OF THE 3RD |
Wisconsin Timber Rattlers batting - Pitching for Great Lakes Loons : RHP Pat Matera
|
Batting: LHB Karel Hort
|
0-0: Called Strike 0-1: Ball 1-1: Foul Ball, location: 2F 1-2: Ball 2-2: Ground out 4-3 (Groundball, 34, EV 80.6 MPH)
|
Batting: RHB Alfredo Sena
|
0-0: Swinging Strike 0-1: Ball 1-1: Called Strike 1-2: Fly out, F4 (Popup, 4D, EV 55.6 MPH)
|
Batting: LHB Mark Backstrom
|
0-0: Ball 1-0: Called Strike 1-1: SINGLE (Groundball, 6MD, EV 100.6 MPH)
|
Batting: RHB Ryan Miller
|
0-0: Ball 1-0: Ball 2-0: Called Strike 2-1: Fielders Choice at 2nd, U4 (Groundball, 4M, EV 107.5 MPH)
|
Bottom of the 3rd over - 0 runs, 1 hit, 0 errors, 1 left on base; Great Lakes 0 - Wisconsin 4 |
TOP OF THE 4TH |
Great Lakes Loons batting - Pitching for Wisconsin Timber Rattlers : LHP Taek-hyun Kim
|
Batting: LHB Tore Bosch
|
0-0: Swinging Strike 0-1: DOUBLE (Line Drive, 9LS, EV 105.0 MPH)
|
Batting: RHB Eddie Perry
|
0-0: Ball 1-0: Called Strike 1-1: Ball 2-1: Fly out, F8 (Flyball, 8LD, EV 89.4 MPH)
|
Batting: RHB Jason Baldwin
|
0-0: Called Strike 0-1: Ball 1-1: Called Strike 1-2: Strikes out swinging
|
Batting: SHB Xavier Alaniz
|
0-0: Foul Ball, location: 2F 0-1: Ball 1-1: Ball 2-1: Foul Ball, location: 2F 2-2: Foul Ball, location: 2F 2-2: Strikes out looking
|
Top of the 4th over - 0 runs, 1 hit, 0 errors, 1 left on base; Great Lakes 0 - Wisconsin 4 |
BOTTOM OF THE 4TH |
Wisconsin Timber Rattlers batting - Pitching for Great Lakes Loons : RHP Pat Matera
|
Batting: RHB Jonathan Sarles
|
0-0: SINGLE (Groundball, 6MD, EV 105.6 MPH)
|
Batting: RHB Chris Fruit
|
0-0: Ball 1-0: Called Strike 1-1: Grounds into double play, 6-4-3 (Groundball, 6, EV 78.8 MPH)
|
Batting: RHB Chris Maul
|
0-0: SINGLE (Line Drive, 9LM, EV 108.1 MPH)
|
Batting: SHB Robert Sayer
|
0-0: Ball 1-0: Called Strike Chris Maul steals 2nd base 1-1: Ball 2-1: SINGLE (Groundball, P, EV 81.2 MPH) (infield hit) Chris Maul to third
|
Batting: SHB Justin Hensley
|
0-0: Foul Ball, location: 2F 0-1: Called Strike 0-2: Ball 1-2: Strikes out looking
|
Bottom of the 4th over - 0 runs, 3 hits, 0 errors, 2 left on base; Great Lakes 0 - Wisconsin 4 |
TOP OF THE 5TH |
Great Lakes Loons batting - Pitching for Wisconsin Timber Rattlers : LHP Taek-hyun Kim
|
Batting: RHB Justin Curran
|
0-0: Called Strike 0-1: Foul Ball, location: 2F 0-2: Ball 1-2: Fly out, F9 (Flyball, 89S, EV 81.9 MPH)
|
Batting: RHB Javier Solis
|
0-0: Called Strike 0-1: Ball 1-1: Ground out 6-3 (Groundball, 6, EV 88.1 MPH)
|
Batting: LHB Jim Jardine
|
0-0: Called Strike 0-1: Ball 1-1: Ground out 4-3 (Groundball, 4, EV 83.8 MPH)
|
Top of the 5th over - 0 runs, 0 hits, 0 errors, 0 left on base; Great Lakes 0 - Wisconsin 4 |
BOTTOM OF THE 5TH |
Wisconsin Timber Rattlers batting - Pitching for Great Lakes Loons : RHP Pat Matera
|
Batting: LHB Karel Hort
|
0-0: Ball 1-0: Called Strike 1-1: Called Strike 1-2: Ball 2-2: Ground out U3 (Groundball, 3, EV 88.1 MPH)
|
Batting: RHB Alfredo Sena
|
0-0: Called Strike 0-1: Swinging Strike 0-2: SINGLE (Groundball, 56D, EV 104.4 MPH)
|
Batting: LHB Mark Backstrom
|
0-0: Ball 1-0: Ball 2-0: Called Strike 2-1: SINGLE (Groundball, 13S, EV 61.9 MPH) (infield hit) Alfredo Sena to second
|
Batting: RHB Ryan Miller
|
0-0: Called Strike 0-1: Ball 1-1: Reached on error, E4 (Groundball, 4, EV 98.8 MPH) Alfredo Sena to third Mark Backstrom to second
|
Batting: RHB Jonathan Sarles
|
0-0: SINGLE (Groundball, 56, EV 99.4 MPH) Alfredo Sena scores Mark Backstrom to third Ryan Miller to second
|
Batting: RHB Chris Fruit
|
0-0: Called Strike 0-1: Called Strike 0-2: Ball 1-2: Strikes out swinging
|
Batting: RHB Chris Maul
|
0-0: Ball 1-0: Ball 2-0: SINGLE (Groundball, 5S, EV 67.5 MPH) (infield hit) Mark Backstrom scores Ryan Miller to third Jonathan Sarles to second
|
Batting: SHB Robert Sayer
|
0-0: Ball 1-0: SINGLE (Groundball, 6S, EV 71.9 MPH) (infield hit) Ryan Miller scores Jonathan Sarles to third Chris Maul to second
|
Pitching: RHP Alberto Castillo
|
|
Batting: SHB Justin Hensley
|
0-0: Ball 1-0: Called Strike 1-1: Called Strike 1-2: Strikes out looking
|
Bottom of the 5th over - 3 runs, 5 hits, 1 error, 3 left on base; Great Lakes 0 - Wisconsin 7 |
TOP OF THE 6TH |
Great Lakes Loons batting - Pitching for Wisconsin Timber Rattlers : LHP Taek-hyun Kim
|
Batting: LHB Nate Kee
|
0-0: Ball 1-0: Foul Ball, location: 2F 1-1: Ball 2-1: Ball 3-1: Ground out 6-3 (Groundball, 6, EV 89.4 MPH)
|
Batting: RHB Ruben Serrata
|
0-0: Called Strike 0-1: Called Strike 0-2: Strikes out swinging
|
Batting: LHB Tore Bosch
|
0-0: Called Strike 0-1: Ball 1-1: Foul Ball, location: 2F 1-2: Foul Ball, location: 2F 1-2: Ground out 3-1 (Groundball, 34, EV 103.8 MPH)
|
Top of the 6th over - 0 runs, 0 hits, 0 errors, 0 left on base; Great Lakes 0 - Wisconsin 7 |
BOTTOM OF THE 6TH |
Wisconsin Timber Rattlers batting - Pitching for Great Lakes Loons : RHP Alberto Castillo
|
Batting: LHB Karel Hort
|
0-0: Called Strike 0-1: Ball 1-1: Called Strike 1-2: Foul Ball, location: 2F 1-2: Strikes out swinging
|
Batting: RHB Alfredo Sena
|
0-0: Hit by Pitch
|
Batting: LHB Mark Backstrom
|
0-0: Foul Ball, location: 2F 0-1: Called Strike 0-2: Foul Ball, location: 2F 0-2: Foul Ball, location: 2F 0-2: Strikes out swinging
|
Batting: RHB Ryan Miller
|
0-0: Foul Ball, location: 2F 0-1: Foul Ball, location: 2F 0-2: Ball 1-2: Foul Ball, location: 2F 1-2: Foul Ball, location: 2F 1-2: Foul Ball, location: 2F 1-2: Ball 2-2: Strikes out looking
|
Bottom of the 6th over - 0 runs, 0 hits, 0 errors, 1 left on base; Great Lakes 0 - Wisconsin 7 |
TOP OF THE 7TH |
Great Lakes Loons batting - Pitching for Wisconsin Timber Rattlers : LHP Taek-hyun Kim
|
Batting: RHB Eddie Perry
|
0-0: Called Strike 0-1: Foul Ball, location: 2F 0-2: Ball 1-2: Ground out 5-3 (Groundball, 56S, EV 87.5 MPH)
|
Pinch Hitting: LHB Cory Bowler
|
0-0: Called Strike 0-1: SINGLE (Groundball, 15S, EV 75.0 MPH) (infield hit)
|
Batting: SHB Xavier Alaniz
|
0-0: Ball Cory Bowler steals 2nd base (no throw) 1-0: Ball 2-0: Called Strike 2-1: Ball Cory Bowler steals 3rd base (no throw) 3-1: Base on Balls
|
Batting: RHB Justin Curran
|
0-0: Called Strike 0-1: Called Strike Balk! Cory Bowler scores Xavier Alaniz to second 0-2: Ball 1-2: Ground out U3 (Groundball, 34S, EV 87.5 MPH) Xavier Alaniz to third
|
Batting: RHB Javier Solis
|
0-0: Called Strike 0-1: Foul Ball, location: 2F 0-2: Ball Passed Ball! Xavier Alaniz scores 1-2: Foul Ball, location: 2F 1-2: Foul Ball, location: 2F 1-2: Foul Ball, location: 2F 1-2: Strikes out swinging
|
Top of the 7th over - 2 runs, 1 hit, 0 errors, 0 left on base; Great Lakes 2 - Wisconsin 7 |
BOTTOM OF THE 7TH |
Wisconsin Timber Rattlers batting - Pitching for Great Lakes Loons : RHP Alberto Castillo
|
Now at 2B: Cory Bowler
|
|
Batting: RHB Jonathan Sarles
|
0-0: Fly out, F9 (Flyball, 9LS, EV 91.9 MPH)
|
Batting: RHB Chris Fruit
|
0-0: Swinging Strike 0-1: Swinging Strike 0-2: Strikes out swinging
|
Batting: RHB Chris Maul
|
0-0: Ball 1-0: Ball 2-0: Called Strike 2-1: Called Strike 2-2: Ball 3-2: Foul Ball, location: 2F 3-2: Base on Balls
|
Batting: SHB Robert Sayer
|
0-0: Fly out, F9 (Flyball, 9, EV 93.8 MPH)
|
Bottom of the 7th over - 0 runs, 0 hits, 0 errors, 1 left on base; Great Lakes 2 - Wisconsin 7 |
TOP OF THE 8TH |
Great Lakes Loons batting - Pitching for Wisconsin Timber Rattlers : LHP Taek-hyun Kim
|
Batting: LHB Jim Jardine
|
0-0: Ball 1-0: Foul Ball, location: 2F 1-1: Ground out 4-3 (Groundball, 4, EV 81.2 MPH)
|
Batting: LHB Nate Kee
|
0-0: Ball 1-0: Ball 2-0: Ball 3-0: Called Strike 3-1: Ground out U3 (Groundball, 3, EV 101.9 MPH)
|
Batting: RHB Ruben Serrata
|
0-0: Ball 1-0: Ball 2-0: Called Strike 2-1: Foul Ball, location: 2F 2-2: Fly out, F8 (Flyball, 8RM, EV 88.8 MPH)
|
Top of the 8th over - 0 runs, 0 hits, 0 errors, 0 left on base; Great Lakes 2 - Wisconsin 7 |
BOTTOM OF THE 8TH |
Wisconsin Timber Rattlers batting - Pitching for Great Lakes Loons : RHP Alberto Castillo
|
Batting: SHB Justin Hensley
|
0-0: Ball 1-0: Ball 2-0: Called Strike 2-1: Foul Ball, location: 2F 2-2: Foul Ball, location: 2F 2-2: Ball 3-2: Foul Ball, location: 2F 3-2: Foul Ball, location: 2F 3-2: Foul Ball, location: 2F 3-2: Foul Ball, location: 2F 3-2: Reached on error, E4 (Groundball, 4, EV 91.2 MPH)
|
Batting: LHB Karel Hort
|
0-0: Called Strike 0-1: Ball 1-1: Called Strike 1-2: Ball 2-2: Foul Ball, location: 2F 2-2: Strikes out looking
|
Batting: RHB Alfredo Sena
|
0-0: Fly out, F9 (Line Drive, 9D, EV 96.9 MPH)
|
Batting: LHB Mark Backstrom
|
0-0: Ground out U3 (Groundball, 3L, EV 96.9 MPH)
|
Bottom of the 8th over - 0 runs, 0 hits, 1 error, 1 left on base; Great Lakes 2 - Wisconsin 7 |
TOP OF THE 9TH |
Great Lakes Loons batting - Pitching for Wisconsin Timber Rattlers : LHP Taek-hyun Kim
|
Pitching: RHP Settan Suzuki
|
|
Batting: LHB Tore Bosch
|
0-0: Ball 1-0: Called Strike 1-1: Called Strike 1-2: Foul Ball, location: 2F 1-2: Strikes out swinging
|
Batting: RHB Eddie Perry
|
0-0: Ball 1-0: Called Strike 1-1: Ball 2-1: Foul Ball, location: 2F 2-2: Foul Ball, location: 2F 2-2: Foul Ball, location: 2F 2-2: SINGLE (Line Drive, 34, EV 96.2 MPH)
|
Batting: LHB Cory Bowler
|
0-0: Foul Ball, location: 2F 0-1: Called Strike 0-2: Ball 1-2: Fly out, F7 (Flyball, 78S, EV 91.2 MPH)
|
Batting: SHB Xavier Alaniz
|
0-0: Called Strike 0-1: Ball 1-1: Ball Wild Pitch! Eddie Perry to second 2-1: Foul Ball, location: 2F 2-2: Strikes out swinging
|
Top of the 9th over - 0 runs, 1 hit, 0 errors, 1 left on base; Great Lakes 2 - Wisconsin 7 |
|